 Dungeon Sprint DCSS version 0.17-a0-1946-gfb768fe (webtiles) character file.

158 esc the Insei (level 5, -1/38 HPs)
             Began as an Octopode Transmuter on Oct 1, 2015.
             Slain by a blue devil (17 damage)
             ... summoned by a kobold demonologist
             ... in the Dungeon (Sprint III: "The Ten Rune Challenge").
             The game lasted 00:07:47 (967 turns).

esc the Insei (Octopode Transmuter)                  Turns: 967, Time: 00:07:47

Health: -1/38      AC:  1    Str: 10    XL:     5   Next: 40%
Magic:  0/11       EV: 14    Int: 16    God:
Gold:   34         SH:  0    Dex: 12    Spells: 2 memorised, 9 levels left

rFire  . . .     SeeInvis .       - Unarmed
rCold  . . .     Clarity  .     (no shield)
rNeg   . . .     SustAt   .     (helmet restricted)
rPois  .         Gourm    .     k - amulet of guardian spirit {Spirit}
rElec  .         Spirit   +     (no ring)
rCorr  .         Warding  .     (no ring)
rMut   .         NoTele   +     (no ring)
MR     .....                    (no ring)
Stlth  ++........               (no ring)
                                (no ring)
                                (no ring)
                                (no ring)

@: very slightly contaminated, drained, not resistant to hostile enchantments,
unstealthy
A: almost no armour, amphibious, 8 rings, constrict 8, camouflage 1, gelatinous
body 1
a: no special abilities


You were in the Dungeon.
You were not hungry.

You visited 1 branch You collected 34 gold pieces.

Inventory:

Missiles
 a - 12 arrows
Jewellery
 k - an amulet of guardian spirit (around mantle) {Spirit}
   (You found it in the Dungeon)
Scrolls
 j - a scroll of immolation {!r}
 l - 2 scrolls of identify
 m - 4 scrolls of remove curse
Potions
 d - a potion of curing
 e - a potion of heal wounds
 f - a potion of haste
 g - 2 potions of magic
 h - 2 potions of mutation {!q}
 o - 4 potions of cure mutation {!q}
 p - 2 potions of flight
 q - a potion of might
Books
 b - a book of Changes
Comestibles
 c - a bread ration {@e1}
 n - a royal jelly


   Skills:
 + Level 4.5(4.0) Fighting
 + Level 5.1(4.6) Dodging
 + Level 5.6(5.1) Unarmed Combat
 + Level 4.6(4.1) Spellcasting
 + Level 5.0(4.5) Transmutations


You had 9 spell levels left.
You knew the following spells:

 Your Spells              Type           Power        Failure   Level  Hunger
a - Beastly Appendage     Trmt           ###...       2%          1    None
c - Spider Form           Trmt/Pois      ##........   21%         3    ###....


Dungeon Overview and Level Annotations

Branches:
Dungeon (1/1)

Altars:
Kikubaaqudgha
Sif Muna
Vehumet


Innate Abilities, Weirdness & Mutations

You cannot wear most types of armour.
You are amphibious.
You can wear up to eight rings at the same time.
You can use your tentacles to constrict eight enemies at once.
Your skin changes colour to match your surroundings (Stealth).
Your rubbery body absorbs attacks (AC +1).


Message History

You start resting.
Your magical contamination has completely faded away.
You regained 3 hp, and now have 17/37 hp.
You regained 3 mp, and now have 6/11 mp.
You start resting.
Health restored: 37; MP restored: 11
There is an open door to the Ecumenical Temple here.
Read which item? (? for menu, Esc to quit)
Okay, then.
Okay, then.
You turn into a venomous arachnid creature.
You now have 8/11 mp.
You open the door.
A wizard comes into view. It is wielding a dagger.
The wizard shouts!
You hear a shout!
Found a metal-bound book.
Found three altars.
You hit the wizard.
The wizard is poisoned.
The wizard misses you.
A kobold demonologist comes into view. It is wielding a dagger.
You hit the wizard.
The wizard looks even sicker.
The kobold demonologist gestures wildly while chanting.
The wizard closely misses you.
You barely miss the wizard.
The wizard points at you and mumbles some strange words.
The bolt of poison misses you.
You bite the wizard!
You kill the wizard!
Your Dodging skill increases to level 5!
Your Transmutations skill increases to level 5!
You hit the crimson imp but do no damage.
The crimson imp barely misses you.
You hit the crimson imp but do no damage.
The crimson imp barely misses you.
The kobold demonologist casts a cantrip, but nothing happens.
You hit the crimson imp. The crimson imp misses you.
The kobold demonologist casts a cantrip, but nothing happens.
You closely miss the crimson imp.
The crimson imp blinks!
You hit the iron imp but do no damage.
The iron imp is poisoned.
You hit the iron imp. The iron imp misses you.
You hit the iron imp but do no damage. The iron imp completely misses you.
You hit the iron imp.
The crimson imp hits you but does no damage.
The iron imp shouts, "Remove thy stench, thou dissembling beef-witted nobody!"
The iron imp completely misses you.
You hit the iron imp.
Your transformation is almost over.
The crimson imp misses you. The iron imp misses you.
Health restored: 38 You hit the iron imp.
The iron imp looks even sicker.
The crimson imp hits you but does no damage.
You bite the iron imp!
You kill the iron imp!
The crimson imp completely misses you.
You bite the shadow imp! The shadow imp completely misses you.
The crimson imp lashes its tail.
The crimson imp misses you.
You hit the shadow imp.
The shadow imp is poisoned.
You kill the shadow imp!
The crimson imp completely misses you.
The kobold demonologist casts a spell.
You hit the soul eater but do no damage.
The crimson imp closely misses you.
The kobold demonologist mumbles some strange words.
You aren't carrying any items that can be evoked.
Unknown command.
Read which item? (? for menu, Esc to quit)
Okay, then.
You closely miss the shadow imp. The soul eater misses you.
The crimson imp misses you.
You hit the crimson imp.
The crimson imp disappears in a puff of smoke!
The kobold demonologist mumbles some strange words.
The shadow imp hits you. The soul eater hits you!!
You feel drained.
You take 18 damage, and have 20/38 hp.
MASSIVE DAMAGE!!
You now have 5/11 mp.
The shadow imp closely misses you.
There is a fountain of clear blue water here.
Your transformation has ended.
Read which item? (? for menu, Esc to quit)
Okay, then.
Read which item? (? for menu, Esc to quit)
Really read
i - a scroll of blinking {!r}?
Blink to where?
You are very lightly contaminated with residual magic.
As you read the scroll of blinking {!r}, it crumbles to dust.
The soul eater draws from the surrounding life force!
You take 5 damage, and have 15/38 hp.
You now have 4/11 mp.
You close the door.
You miscast Spider Form.
Strange energies run through your body.
A soul eater opens the door.
You now have 2/11 mp.
You don't have enough magic to cast that spell.
You close the door.
A blue devil opens the door.
You close the door.
A blue devil opens the door.
You close the door.
A quasit opens the door.
The soul eater disappears in a puff of smoke!
The blue devil swoops through the air toward you!
The blue devil hits you!!
You die...

..#..#....♣♣♣ ♣.#
#'####......♣ ♣♣.#
.....#....≈♣♣♣♣..###+#+###
.....#...≈≈...♣..#........
.....#..≈≈≈≈..♣..§5⌠......
####'#..≈≈≈≈≈≈.♣.#...####
.....#.≈≈≈≈≈≈....#.5.#
.....#.≈≈≈≈≈....5#...#
.....#.≈≈≈......@#5###
'#####.........4.#K:
.................#_5_
▓▓▓▓▓▓▓▓▓▓▓▓▓▓▓▓▓▓▓▓▓▓


You could see a blue devil and a quasit.

Vanquished Creatures
  A water elemental (D)
  A scorpion (D)
  A wizard (D)
  A human (D)
  An ooze (D)
  3 rats (D)
8 creatures vanquished.

Vanquished Creatures (others)
  2 draconian scorchers (D)
  A yaktaur (D)
3 creatures vanquished.

Grand Total: 11 creatures vanquished

Notes
Turn   | Place    | Note
--------------------------------------------------------------
     0 | D        | esc the Octopode Transmuter began the quest for the Orb.
     0 | D        | Reached XP level 1. HP: 13/13 MP: 3/3
    20 | D        | Reached XP level 2. HP: 9/19 MP: 5/5
   193 | D        | Noticed a scorpion
   193 | D        | Killed a white draconian scorcher
   204 | D        | HP: 3/28 [human (6)]
   208 | D        | Reached skill level 2 in Fighting
   208 | D        | Reached skill level 3 in Dodging
   208 | D        | Reached skill level 4 in Unarmed Combat
   208 | D        | Reached skill level 3 in Spellcasting
   208 | D        | Reached skill level 3 in Transmutations
   208 | D        | Reached XP level 3. HP: 3/25 MP: 1/7
   230 | D        | Killed a yaktaur
   248 | D        | Killed a white draconian scorcher
   493 | D        | Learned a level 3 spell: Spider Form
   666 | D        | Killed a scorpion
   666 | D        | Reached skill level 3 in Fighting
   666 | D        | Reached skill level 4 in Dodging
   666 | D        | Reached skill level 4 in Transmutations
   666 | D        | Reached XP level 4. HP: 29/31 MP: 4/9
   733 | D        | Noticed a water elemental
   744 | D        | Killed a water elemental
   744 | D        | Reached skill level 4 in Fighting
   744 | D        | Reached skill level 5 in Unarmed Combat
   744 | D        | Reached skill level 4 in Spellcasting
   744 | D        | Reached XP level 5. HP: 14/37 MP: 3/11
   935 | D        | Found a radiant altar of Vehumet.
   935 | D        | Found a deep blue altar of Sif Muna.
   935 | D        | Found an ancient bone altar of Kikubaaqudgha.
   935 | D        | Noticed a wizard
   939 | D        | Killed a wizard
   939 | D        | Reached skill level 5 in Dodging
   939 | D        | Reached skill level 5 in Transmutations
   953 | D        | Noticed a soul eater
   956 | D        | Noticed a blue devil
   967 | D        | Slain by a blue devil

Vault maps used:
D:        dungeon_sprint_mu

Action                   |  1- 3 |  4- 6 || total
-------------------------+-------+-------++-------
Melee: Unarmed           |    23 |    30 ||    53
 Cast: Beastly Appendage |     1 |       ||     1
       Spider Form       |     2 |     2 ||     4
  Use: Potion            |     1 |       ||     1
       Scroll            |       |     4 ||     4
 Stab: Sleeping          |     1 |       ||     1
  Eat: Royal jelly       |       |     1 ||     1

Vault maps used:
D:        dungeon_sprint_mu

Table legend:
 A = Turns spent in this place as a percentage of turns spent in the entire game.
 B = Non-inter-level travel turns spent in this place as a percentage of non-inter-level travel turns spent in the entire game.
 C = Inter-level travel turns spent in this place as a percentage of turns spent in this place.
 D = Turns resting spent in this place as a percentage of non-inter-level travel turns spent in this place.
 E = Turns spent auto-exploring this place as a percentage of non-inter-level travel turns spent in this place.
 F = Non-inter-level travel turns spent in this place divided by the number of levels of this place that you've seen.
                   A       B       C       D       E      F
               +-------+-------+-------+-------+-------+----------------------
         Total | 100.0 | 100.0 |   0.0 |   5.9 |   0.3 | 320.0
       Dungeon | 100.0 | 100.0 |   0.0 |   5.9 |   0.3 | 320.0
               +-------+-------+-------+-------+-------+----------------------

Table legend:
 A = Kills in this place as a percentage of kills in entire the game.
 B = Kills by you in this place as a percentage of kills by you in the entire game.
 C = Kills by friends in this place as a percentage of kills by friends in the entire game.
 D = Other kills in this place as a percentage of other kills in the entire game.
 E = Experience gained in this place as a percentage of experience gained in the entire game.
 F = Experience gained in this place divided by the number of levels of this place that you have seen.
                   A       B       C       D       E      F
               +-------+-------+-------+-------+-------+----------------------
         Total | 100.0 | 100.0 |  -nan |  -nan | 100.0 | 227.0
       Dungeon | 100.0 | 100.0 |  -nan |  -nan | 100.0 | 227.0
               +-------+-------+-------+-------+-------+----------------------
